 Dungeon Crawl Stone Soup version 0.31-a0-1576-ga3383bade6 (webtiles) character file.

Game seed: 9919367166418540200

389154 Lobster4 the Meteorologist (level 23, -15/142 HPs)
             Began as a Tengu Air Elementalist on Jan 3, 2024.
             Was an Initiate of Gozag.
             Demolished by a juggernaut (37 damage)
             ... on level 2 of the Depths on Jan 4, 2024.
             The game lasted 05:05:50 (98151 turns).

Lobster4 the Meteorologist (TeAE)                  Turns: 98151, Time: 05:05:51

Health: -15/142    AC: 25    Str: 10    XL:     23   Next: 6%
Magic:  9/43       EV: 19    Int: 24    God:    Gozag
Gold:   10034      SH: 12    Dex: 16    Spells: 3/53 levels left

rFire   + . .        a - staff of air
rCold   + . .        G - +3 buckler {reflect}
rNeg    + + +        N - +5 swamp dragon scales
rPois   +            M - +2 hat {SInv}
rElec   +            q - +2 cloak {Will+}
rCorr   +            D - +2 pair of gloves
SInv    +            (boots unavailable)
Will    ++...        j - amulet of Verchue {Faith rPois rN++}
Stlth   ++++         T - ring of Coakk {rF+ rCorr}
HPRegen 0.43/turn    g - ring "Eteocuesm" {rC+ rN+}
MPRegen 0.28/turn

%: reflection, acrobat, faith
@: gold aura, fragile (+50% incoming damage), flying, studying 2 skills
A: beak, talons 3, evasive flight, acrobatic
}: 2/15 runes: decaying, gossamer
a: Renounce Religion, Potion Petition, Call Merchant, Bribe Branch


You were on level 2 of the Depths.
You worshipped Gozag.
Gozag was extremely pleased with you.
You visited 10 branches of the dungeon, and saw 41 of its levels.
You visited 1 bazaar.
You also visited: Ice Cave and Wizlab.

You collected 19731 gold pieces.
You spent 8319 gold pieces at shops.
You paid 1378 gold pieces to Gozag.

Inventory:

Hand Weapons
 b - the +8 arc blade {discharge, rElec}
   (You took it off a deep elf high priest on level 3 of the Elven Halls)

   rElec:     It insulates you from electricity.
 e - a +0 demon trident
 C - the +9 dagger of Sunlight {vamp, rElec Int+3 Dex+2}
   (You bought it in a shop on level 1 of the Vaults)

   Int+3:     It affects your intelligence (+3).
   Dex+2:     It affects your dexterity (+2).
   rElec:     It insulates you from electricity.
 Y - the +5 hand cannon of Virtue {freeze, rC+ Stlth+}
   (You found it on level 3 of the Elven Halls)

   rC+:       It protects you from cold.
   Stlth+:    It makes you more stealthy.
Armour
 q - a +2 cloak of willpower (worn)
 D - a +2 pair of gloves (worn)
 G - a +3 buckler of reflection (worn)
 M - a +2 hat of see invisible (worn)
 N - +5 swamp dragon scales (worn)
Magical Staves
 a - a staff of air (weapon)
Jewellery
 g - the ring "Eteocuesm" (right hand) {rC+ rN+}
   (You found it on level 5 of the Dungeon)

   [ring of protection from cold]

   rC+:       It protects you from cold.
   rN+:       It protects you from negative energy.
 j - the amulet of Verchue (around neck) {Faith rPois rN++}
   (You took it off a deep elf demonologist on level 3 of the Elven Halls)

   [amulet of faith]

   Faith:     It allows you to gain divine favour quickly.
   rPois:     It protects you from poison rN++: It greatly protects you from
   negative energy.
 T - the ring of Coakk (left hand) {rF+ rCorr}
   (You took it off a deep elf annihilator on level 3 of the Elven Halls)

   [ring of resist corrosion]

   rF+:       It protects you from fire.
   rCorr:     It protects you from acid and corrosion.
Wands
 c - a wand of iceblast (20)
 f - a wand of polymorph (4)
 v - a wand of mindburst (7)
 y - a wand of light (8)
 L - a wand of digging (24)
 P - a wand of flame (43)
Scrolls
 i - a scroll of silence
 l - a scroll of acquirement
 n - 8 scrolls of poison
 o - 5 scrolls of fog
 t - 10 scrolls of immolation
 z - 10 scrolls of teleportation
 B - 2 scrolls of revelation
 K - 2 scrolls of blinking
 W - 7 scrolls of fear
Potions
 d - 12 potions of mutation
 h - 3 potions of haste
 r - 4 potions of brilliance
 u - 6 potions of resistance
 w - 23 potions of curing
 x - 11 potions of attraction
 A - 7 potions of cancellation
 F - 2 potions of invisibility
 H - 7 potions of heal wounds
 J - 14 potions of ambrosia
 R - a potion of berserk rage
 U - 6 potions of might
 V - 2 potions of magic
 X - 7 potions of lignification
Miscellaneous
 k - a lightning rod (2/4)
 E - a phantom mirror
 Q - a phial of floods


   Skills:
 - Level 14.0 Fighting
 - Level 6.0 Short Blades
 - Level 5.0(6.0) Axes
 - Level 5.0(7.2) Maces & Flails
 - Level 6.1(7.0) Staves
 - Level 13.0 Armour
 - Level 10.0 Dodging
 - Level 10.0 Stealth
 + Level 17.6 Shields
 + Level 15.5 Spellcasting
 + Level 19.0 Conjurations
 - Level 2.0 Summonings
 - Level 2.0 Translocations
 - Level 2.0 Ice Magic
 O Level 27 Air Magic
 - Level 4.0 Evocations


You had 3 spell levels left.
You knew the following spells:

 Your Spells              Type           Power      Damage    Failure   Level
a - Shock                 Conj/Air       100%       1d9       0%          1
b - Static Discharge      Conj/Air       100%       3-8/arc   0%          2
c - Arcjolt               Conj/Air       57%        1d67      0%          5
d - Airstrike             Air            61%        2d(9-25)  0%          4
e - Mercury Vapours       Alch/Air       100%       N/A       1%          2
f - Freezing Cloud        Conj/Ice/Air   48%        6-21      1%          5
g - Iskenderun's Battles  Conj           83%        2d13      1%          5
h - Iskenderun's Mystic   Conj/Tloc      62%        2d13      1%          4
i - Summon Lightning Spi  Summ/Air       93%        N/A       1%          4
j - Conjure Ball Lightni  Conj/Air       57%        3x3d21    1%          6
m - Maxwell's Capacitive  Air            61%        ∞         1%          8
o - Apportation           Tloc           56%        N/A       3%          1
s - Swiftness             Air            100%       N/A       0%          3

Your spell library contained the following spells:

 Spells                   Type           Power      Damage    Failure   Level
 Magic Dart               Conj           100%       1d8       0%          1
 Searing Ray              Conj           100%       2d8       0%          2
 Foxfire                  Conj/Fire      100%       2x1d9     1%          1
 Kiss of Death            Conj/Necr      100%       2d13      1%          1
 Sting                    Conj/Alch      100%       1d9       1%          1
 Cigotuvi's Dreadful Rot  Necr/Alch/Air  100%       N/A       1%          2
 Dazzling Flash           Conj/Hex       100%       N/A       1%          3
 Stone Arrow              Conj/Erth      100%       3d13      1%          3
 Summon Small Mammal      Summ           100%       N/A       3%          1
 Lesser Beckoning         Tloc           56%        N/A       4%          2
 Necrotise                Necr           72%        1d7       7%          1
 Slow                     Hex            72%        N/A       7%          1
 Ensorcelled Hibernation  Hex/Ice        46%        N/A       7%          2
 Call Canine Familiar     Summ           28%        N/A       9%          3
 Frozen Ramparts          Ice            56%        1d9       9%          3
 Gell's Gravitas          Tloc           28%        N/A       9%          3
 Ozocubu's Armour         Ice            28%        N/A       9%          3
 Summon Ice Beast         Ice/Summ       28%        N/A       9%          3
 Teleport Other           Tloc           28%        N/A       9%          3
 Jinxbite                 Hex            36%        N/A       11%         2
 Confusing Touch          Hex            18%        N/A       21%         3
 Fugue of the Fallen      Necr           18%        N/A       21%         3
 Inner Flame              Hex/Fire       18%        N/A       21%         3
 Sigil of Binding         Hex            18%        N/A       21%         3
 Vampiric Draining        Necr           18%        2d7       21%         3
 Fulminant Prism          Conj/Alch      29%        3d13      1%          4
 Vhi's Electric Charge    Tloc/Air       100%       N/A       1%          4
 Orb of Destruction       Conj           41%        9d11      2%          7
 Irradiate                Conj/Alch      29%        3d21      3%          5
 Manifold Assault         Tloc           28%        N/A       30%         4
 Animate Armour           Summ/Erth      46%        N/A       41%         4
 Dimensional Bullseye     Hex/Tloc       11%        N/A       41%         4
 Martyr's Knell           Necr/Summ      23%        N/A       41%         4
 Summon Blazeheart Golem  Fire/Summ      23%        N/A       41%         4
 Chain Lightning          Conj/Air       57%        3d76      50%         9
 Anguish                  Hex/Necr       9%         N/A       56%         4
 Dispel Undead            Necr           18%        3d11      56%         4
 Ignite Poison            Fire/Alch      18%        N/A       56%         4
 Leda's Liquefaction      Alch/Erth      9%         N/A       56%         4
 Olgreb's Toxic Radiance  Alch           18%        N/A       56%         4
 Petrify                  Alch/Erth      18%        N/A       56%         4
 Sticky Flame             Fire/Alch      18%        2d6       56%         4
 Spellforged Servitor     Conj/Summ      31%        N/A       61%         7
 Summon Forest            Summ/Tloc      14%        N/A       63%         5
 Metabolic Englaciation   Hex/Ice        11%        N/A       77%         5
 Summon Mana Viper        Hex/Summ       23%        N/A       77%         5
 Alistair's Intoxication  Alch           12%        N/A       88%         5
 Borgnjor's Vile Clutch   Necr/Erth      9%         N/A       88%         5
 Curse of Agony           Necr           18%        N/A       88%         5
 Lee's Rapid Deconstruct  Erth           9%         3d7*      88%         5
 Yara's Violent Unravell  Hex/Alch       9%         3d6       88%         5
 Summon Cactus Giant      Summ           14%        N/A       99%         6
 Death Channel            Necr           9%         N/A       100%        6
 Eringya's Noxious Bog    Alch           9%         4d6       100%        6
 Enfeeble                 Hex            9%         N/A       100%        7
 Summon Hydra             Summ           14%        N/A       100%        7
 Discord                  Hex            9%         N/A       100%        8
 Disjunction              Tloc           14%        N/A       100%        8
 Ignition                 Fire           9%         3d5       100%        8
 Fire Storm               Conj/Fire      29%        8d8       100%        9
 Shatter                  Erth           9%         3d11*     100%        9
 Animate Dead             Necr           Unusable   N/A       N/A         4
 Sculpt Simulacrum        Ice/Alch       Unusable   N/A       N/A         6

Dungeon Overview and Level Annotations

Branches:
Dungeon (15/15)            Temple (1/1) D:6            Lair (5/5) D:10
  Swamp (4/4) Lair:2       Spider (4/4) Lair:3        Slime (0/5) Lair:5
    Orc (2/2) D:12            Elf (3/3) Orc:2        Vaults (4/5) D:14
  Crypt (1/3) Vaults:3     Depths (2/4) D:15          IceCv (visited)
 WizLab (visited)

Altars:
Ashenzari
Cheibriados
Dithmenos
Elyvilon
Fedhas
Gozag
Hepliaklqana
Kikubaaqudgha
Makhleb
Nemelex Xobeh
Okawaru
Qazlal
Ru
Sif Muna
Trog
Uskayaw
Vehumet
Wu Jian
Xom
Yredelemnul
Zin
The Shining One
Jiyva

Shops:
D:4 =   Orc:2 !:[(?*   Elf:1 *   Elf:3 =   Lair:5 [   Vaults:1 (:**
Vaults:3 [!(   Vaults:4 *

Portals:
Hell: Depths:1
Pandemonium: Depths:1
Trove: D:14 (give +7 demon trident)

Annotations:
D:6 3 runed translucent doors, Anno's ghost, novice FeDe
D:11 3 runed translucent doors, DeathSocks's ghost, journeyman VSGl; wally255's ghost, novice TrFi
D:14 exclusion: orange crystal statue
Elf:2 3 runed translucent doors


Innate Abilities, Weirdness & Mutations

You have a beak for a mouth.
You have claws for feet.
Your magical flight helps you evade attacks. (EV +4)
You can magically evade attacks while moving or waiting.


Message History

The frost giant is heavily wounded.
Casting: Airstrike (safe; 0% risk of failure)
Confirm with . or Enter, or press ? or * to list all spells.
You feel a surge of power!
You create some ball lightning! 3 ball lightnings come into view.
The frost giant casts a spell at you. The bolt of cold hits you!! You resist.
You swap places.
Your ball lightning explodes!
The blast of lightning engulfs your ball lightning.
Your ball lightning completely resists.
The blast of lightning engulfs the frost giant!!
The frost giant is severely wounded.
The blast of lightning engulfs you! You resist.
The blast of lightning engulfs the frost giant!!
The frost giant is heavily wounded.
Your ball lightning explodes!
The blast of lightning engulfs you! You resist.
The blast of lightning engulfs the frost giant!!
The frost giant is almost dead.
You hear a screech!
You hear a deafening roar! x2
You hear a horrible gurgling sound! x2; You hear a screech!
You hear a deafening roar!
Aiming: Thunderbolt
Press: ? - help, Shift-Dir - straight line, f/p - frost giant
Aim: a frost giant, wielding a +1 battleaxe of freezing and wearing a ring of magical power (almost dead)
The thunderbolt hits the frost giant!
You kill the frost giant!
Aiming: Thunderbolt
Press: ? - help, Shift-Dir - straight line, f - juggernaut
Aim: a juggernaut The thunderbolt hits the juggernaut!!
The juggernaut is lightly wounded.
There is a stone staircase leading up here.
The glass eye gazes at you.
Your body becomes as fragile as glass!
The juggernaut hits you!!
* * * LOW HITPOINT WARNING * * *
The juggernaut hits you!!
You die...
Your body crumbles into a pile of gold.

*,,,,,* *,...#.## ####...#
***+***** ######.##..###..#....
*,,,,,,,****#..#....#.......#....
*,,,,,*,,.,*#.......#....##.###..
*,,,,,***#.,,,,#*^........#...#..
*,,,,,* #..,,,#§§..##....#^..#..
*,,,,,* #...,,###...#..).....#.#
*,***** *#....##.C.C$.....#...#.#
*,,**** *.......@#####....#.....#
**,,,,* *######.<.#.#.....#...###
*,,,*********##.##.#)#...#.....#
******,,,,,,,*###..).###.##.##.#
**,,,,,,,,,*#.......#..#.....
*,,,*,,,*...........####.##.#
*,,,,,_,,..........##....#§.)
*,,,*,,,*......##.##......*..
**,,,,,,,..##.#*...#..#.$#...


You could see a juggernaut and a frost giant.

Vanquished Creatures
  Mara (Spider:3)
  the Lernaean hydra (Swamp:4)
  Norris (Elf:1)
  Jorgrun (Swamp:1)
  A deep elf blademaster (Elf:3)
  An ancient champion (Crypt:1)
  5 sphinxes
  Gastronok (Orc:1)
  4 deep elf master archers (Elf:3)
  2 thorn hunters
  Aizul (Spider:4)
  A fire giant (Vaults:2)
  Donald (Vaults:4)
  4 deep elf sorcerers (Elf:3)
  A fenstrider witch (Swamp:3)
  2 revenants (Crypt:1)
  2 deep elf elementalists (Elf:3)
  9 vault wardens
  3 frost giants
  3 emperor scorpions (Spider:4)
  The ghost of octoduck the Thaumaturge, a journeyman GnNe of Kikubaaqudgha (Orc:2)
  2 orc warlords
  Louise (Spider:3)
  A curse skull (Crypt:1)
  2 ghouls (Crypt:1)
  17 ironbound preservers
  9 very ugly things
  2 ghost moths (Spider:4)
  3 demonspawn corrupters (WizLab)
  3 stone giants
  5 formless jellyfish
  5 ironbound thunderhulks
  3 broodmothers
  4 eleionomae
  4 deep elf demonologists
  5 vampire knights
  10 deep elf death magi
  12 dire elephants
  2 war gargoyles (Vaults:3)
  6 deep elf annihilators (Elf:3)
  3 bunyips
  3 spark wasps
  Josephine (Lair:4)
  4 ettins
  3 crystal guardians
  3 jiangshi
  2 fire dragons
  7 yaktaur captains
  9 hydras
  2 shambling mangroves (Swamp:4)
  8 deep elf high priests
  2 entropy weavers
  3 peacekeepers
  Erolcha (D:12)
  5 great orbs of eyes
  A rakshasa (D:15)
  A radroach (Spider:2)
  Harold (Orc:1)
  4 vault guards
  An ogre mage (Orc:1)
  9 ironbound frosthearts
  10 alligators
  5 centaur warriors
  9 boulder beetles
  A jorogumo (Spider:4)
  A death knight (D:14)
  8 two-headed ogres
  An anaconda (WizLab)
  A deep troll earth mage (Depths:2)
  A vampire mage (Crypt:1)
  22 dancing weapons
  A death scarab (Spider:3)
  11 death yaks
  2 deep troll shamans
  2 spriggan berserkers
  A hell hog (Lair:5)
  2 sun demons
  2 orc high priests (Orc:1)
  14 deep elf knights
  4 demonic crawlers
  4 occultists
  A skeletal warrior (Crypt:1)
  3 hell knights
  3 pharaoh ants
  A soul eater (D:11)
  A titan skeleton (Vaults:1)
  2 fire crabs (D:15)
  3 sixfirhies
  2 iron trolls
  5 skysharks
  A salamander mystic (D:15)
  43 deep trolls
  16 arcanists
  5 goliath frogs
  2 sun moths
  9 swamp dragons
  12 orb spiders
  4 spriggan druids
  3 bog bodies
  7 steelbarb worms
  A glowing orange brain (shapeshifter) (Vaults:3)
  A glowing orange brain (WizLab)
  8 lindwurms
  A harpy (shapeshifter) (Elf:3)
  10 deep elf archers
  9 harpies
  A phantasmal warrior (Crypt:1)
  12 ironbound convokers
  27 deep elf pyromancers
  2 cyclopes (D:14)
  11 wolf spiders
  2 manticores
  18 deep elf zephyrmancers
  2 necromancers
  2 oklob plants (Lair:5)
  22 ugly things
  6 orc sorcerers
  4 salamanders (D:15)
  3 will-o-the-wisps
  14 elephants
  2 worldbinders (WizLab)
  3 moths of wrath
  6 meliai
  A water nymph (WizLab)
  A kobold blastminer (Orc:2)
  4 rust devils
  3 black mambas
  An ice statue (IceCv)
  13 vault sentinels
  7 torpor snails
  17 cane toads
  A rime drake (shapeshifter) (D:13)
  2 unseen horrors (D:12)
  A cane toad (shapeshifter) (D:13)
  A molten gargoyle (D:15)
  3 rime drakes
  An efreet (D:15)
  5 freezing wraiths
  2 kobold demonologists
  9 komodo dragons
  A purple draconian skeleton (Crypt:1)
  21 yaktaurs
  4 tengu conjurers
  19 polar bears
  5 trolls
  A queen bee (Lair:4)
  20 tarantellas
  3 bloated husks
  A wind drake (D:15)
  29 hornets
  16 blink frogs
  A guardian serpent zombie (Crypt:1)
  2 raiju
  13 tyrant leeches
  Grinder (D:3)
  4 dream sheep (Lair:4)
  A glass eye (WizLab)
  2 raiju (shapeshifter) (D:15)
  A jumping spider (shapeshifter) (Depths:1)
  24 jumping spiders
  A centaur simulacrum (D:14)
  A culicivora (shapeshifter) (Elf:3)
  15 culicivoras
  9 air elementals
  A spriggan (shapeshifter) (Elf:1)
  13 spriggans
  5 water elementals
  11 slime creatures
  An ice dragon skeleton (Crypt:1)
  7 wraiths
  A fire elemental (Elf:2)
  A wind drake zombie (Crypt:1)
  76 yaks
  4 wyverns
  6 basilisks
  A fire bat (shapeshifter) (Elf:1)
  44 redbacks
  3 steam dragons
  10 wargs
  14 vampire mosquitoes
  Menkaure (D:5)
  A chaos spawn (D:11)
  An ogre zombie (Vaults:1)
  4 swamp worms
  An acid dragon (D:12)
  12 water moccasins
  An ogre skeleton (Vaults:1)
  16 hell hounds (Lair:5)
  15 black bears
  3 sky beasts
  A meliai simulacrum (D:15)
  6 swamp drakes
  An ice beast (D:8)
  18 orc warriors
  4 laughing skulls (Crypt:1)
  17 ogres
  51 wolves
  6 centaurs
  4 boggarts (Vaults:4)
  5 kobold brigands
  12 bullfrogs
  2 earth elementals (Elf:3)
  A gnoll sergeant (D:10)
  A warg zombie (Crypt:1)
  A wyvern zombie (D:6)
  19 wights
  A troll zombie (Crypt:1)
  26 killer bees
  8 howler monkeys
  4 electric eels
  A crimson imp (D:11)
  A bullfrog zombie (D:6)
  3 hounds
  2 jellies (D:7)
  3 bombardier beetles
  A gnoll bouda (D:4)
  20 orc priests
  Crazy Yiuf (D:5)
  2 iguanas
  A basilisk skeleton (Crypt:1)
  A sleepcap (D:5)
  42 orc wizards
  4 hell rats
  10 gnolls
  9 adders
  A shadow imp (D:11)
  A white imp (D:3)
  4 dart slugs
  72 orcs
  9 bats
  7 endoplasms
  A giant cockroach (D:1)
  3 goblins (D:1)
  3 hobgoblins
  4 jackals (D:4)
  19 kobolds
  4 quokkas
  9 ball pythons
  2 frilled lizards
  A quokka skeleton (Crypt:1)
  4 rats
1560 creatures vanquished.

Vanquished Creatures (collateral kills)
  A royal mummy (Crypt:1)
  A deep elf blademaster (Elf:3)
  A thorn hunter (Swamp:3)
  A revenant (Vaults:3)
  2 ironbound preservers
  2 broodmothers
  2 eleionomae (Swamp:2)
  A formless jellyfish (Vaults:4)
  A dire elephant (Vaults:2)
  2 deep elf death magi
  An ettin (Vaults:4)
  2 hydras
  2 rakshasas
  A great orb of eyes (Vaults:3)
  A catoblepas (D:15)
  A centaur warrior (D:14)
  3 boulder beetles
  A merfolk aquamancer (WizLab)
  An occultist (WizLab)
  A goliath frog (Swamp:3)
  4 swamp dragons
  A pharaoh ant (Spider:3)
  2 arcanists
  6 deep trolls
  A deep troll (shapeshifter) (Elf:3)
  2 steelbarb worms
  4 wolf spiders
  2 ugly things
  An orc knight (Orc:1)
  A worldbinder (WizLab)
  A will-o-the-wisp (Swamp:1)
  A vault sentinel (Vaults:4)
  2 yaktaurs (Vaults:2)
  2 hornets
  4 tarantellas
  A tyrant leech (Swamp:1)
  8 jumping spiders
  A slime creature (D:14)
  3 spriggans (Swamp:1)
  A culicivora (Spider:1)
  3 redbacks
  A swamp worm (Swamp:3)
  A vampire mosquito (Swamp:3)
  2 swamp drakes (Swamp:1)
  An orc wizard (Orc:2)
  A boggart simulacrum (D:14)
  2 orcs (Orc:2)
  3 ball lightnings
90 creatures vanquished.

Vanquished Creatures (others)
  An air elemental (D:15)
  An orc priest (Orc:2)
  An orc (Orc:2)
  148 ball lightnings
  25 foxfires
176 creatures vanquished.

Grand Total: 1826 creatures vanquished

Notes
Turn   | Place    | Note
-------+----------+-------------------------------------------
     0 | D:1      | Lobster4 the Tengu Air Elementalist began the quest for the
                  | Orb.
     0 | D:1      | Reached XP level 1. HP: 10/10 MP: 4/4
   192 | D:1      | Reached XP level 2. HP: 15/15 MP: 1/6
   560 | D:1      | Reached skill level 1 in Armour
   636 | D:1      | Reached XP level 3. HP: 19/19 MP: 5/7
   639 | D:1      | Learned a level 2 spell: Static Discharge
   643 | D:1      | Learned a level 3 spell: Swiftness
  1362 | D:2      | Found a hide-covered altar of Uskayaw.
  1472 | D:2      | Found a faded altar of an unknown god.
  1530 | D:2      | Reached skill level 5 in Air Magic
  1530 | D:2      | Reached XP level 4. HP: 24/24 MP: 6/8
  1609 | D:2      | Identified the +5 hand axe "Awudues" {heavy, Fly rF+}
  2315 | D:3      | Noticed Grinder
  2330 | D:3      | Reached XP level 5. HP: 28/28 MP: 5/10
  2540 | D:3      | Reached skill level 6 in Air Magic
  2622 | D:3      | Learned a level 4 spell: Airstrike
  3117 | D:3      | Found a sparkling altar of Nemelex Xobeh.
  3556 | D:4      | Found Qourir's Jewellery Shoppe.
  3621 | D:4      | Reached XP level 6. HP: 32/32 MP: 8/11
  4014 | D:4      | Noticed a black bear
  4059 | D:4      | Killed a black bear
  4060 | D:4      | Reached skill level 7 in Air Magic
  4587 | D:5      | Entered Level 5 of the Dungeon
  4628 | D:5      | Noticed Menkaure
  4696 | D:5      | Gained mutation: Your magical flight helps you evade
                  | attacks. (EV +4) [Tengu growth]
  4696 | D:5      | Reached XP level 7. HP: 34/36 MP: 6/13
  4920 | D:5      | Found a runed translucent door.
  4921 | D:5      | Noticed Crazy Yiuf
  5154 | D:5      | Learned a level 2 spell: Mercury Vapours
  5193 | D:5      | Reached skill level 1 in Fighting
  5248 | D:5      | Identified the ring "Eteocuesm" {rC+ rN+}
  5584 | D:5      | Reached skill level 1 in Shields
  5854 | D:6      | Reached skill level 8 in Air Magic
  5976 | D:6      | Found a staircase to the Ecumenical Temple.
  5985 | Temple   | Entered the Ecumenical Temple
  5990 | Temple   | Became a worshipper of Gozag Ym Sagoz the Greedy
  6184 | D:6      | Reached skill level 5 in Conjurations
  6184 | D:6      | Reached XP level 8. HP: 44/44 MP: 8/15
  6372 | D:6      | Found a runed translucent gate.
  6372 | D:6      | Found a runed translucent gate.
  6372 | D:6      | Found a runed translucent gate.
  6372 | D:6      | Noticed Anno's ghost (novice FeDe)
  6374 | D:6      | Found a basalt altar of Yredelemnul.
  6747 | D:6      | Found a glowing silver altar of Zin.
  6762 | D:6      | Found a white marble altar of Elyvilon.
  7082 | D:7      | Noticed a two-headed ogre
  7131 | D:6      | Killed a two-headed ogre
  7132 | D:6      | Reached skill level 9 in Air Magic
  7132 | D:6      | Reached XP level 9. HP: 5/51 MP: 11/17
  7632 | D:7      | Reached skill level 10 in Air Magic
  7756 | D:7      | Found an iron altar of Okawaru.
  7832 | D:7      | Reached skill level 5 in Spellcasting
  8688 | D:7      | Reached skill level 1 in Evocations
  9374 | D:7      | Reached skill level 11 in Air Magic
  9694 | D:8      | Identified the +6 war axe of Prudence {speed, Will+}
  9826 | D:8      | Reached XP level 10. HP: 56/57 MP: 9/19
 10027 | D:8      | Reached skill level 1 in Axes
 10142 | D:8      | Found a snail-covered altar of Cheibriados.
 11138 | D:9      | Noticed a kobold demonologist
 11140 | D:9      | Killed a kobold demonologist
 11273 | D:9      | Noticed a +0 short sword
 11273 | D:9      | Noticed a +0 dagger
 11275 | D:9      | Noticed a +0 spear
 11275 | D:9      | Noticed a +0 short sword
 11276 | D:9      | Noticed a +0 falchion
 11276 | D:9      | Noticed a +0 dagger
 11276 | D:9      | Noticed a +0 spear
 11276 | D:9      | Noticed a +0 falchion
 11280 | D:9      | Found a hide-covered altar of Uskayaw.
 11383 | D:9      | Reached skill level 12 in Air Magic
 11384 | D:9      | Reached skill level 5 in Fighting
 11772 | D:9      | Found a sacrificial altar of Ru.
 11860 | D:9      | Reached skill level 5 in Shields
 11922 | D:10     | Entered Level 10 of the Dungeon
 11970 | D:10     | Identified the +3 kite shield of the Bells {Dex+5}
 11974 | D:10     | Noticed an elephant
 12034 | D:9      | Killed an elephant
 12251 | D:10     | Reached XP level 11. HP: 37/64 MP: 2/21
 12538 | D:10     | Reached skill level 13 in Air Magic
 13403 | D:10     | Found a staircase to the Lair.
 13743 | D:11     | Noticed a boulder beetle
 13926 | D:10     | Killed a boulder beetle
 14229 | D:11     | Noticed a green ugly thing
 14527 | D:3      | Killed Grinder
 14713 | D:5      | Killed Menkaure
 14969 | D:5      | Killed Crazy Yiuf
 15201 | Lair:1   | Entered Level 1 of the Lair of Beasts
 15231 | Lair:1   | Reached skill level 14 in Air Magic
 15749 | Lair:1   | Reached skill level 10 in Conjurations
 16260 | Lair:1   | Reached skill level 15 in Air Magic
 16438 | Lair:1   | Noticed a boulder beetle
 16452 | Lair:1   | Killed a boulder beetle
 16635 | Lair:1   | Reached XP level 12. HP: 41/70 MP: 0/22
 17149 | D:10     | Reached skill level 16 in Air Magic
 17623 | D:10     | Learned a level 5 spell: Freezing Cloud
 17808 | Lair:1   | Noticed a death yak
 17814 | Lair:1   | Killed a death yak
 17814 | Lair:1   | Noticed a death yak
 17815 | Lair:1   | Reached skill level 1 in Ice Magic
 17902 | Lair:1   | Noticed a death yak
 17943 | Lair:1   | Killed a death yak
 17947 | Lair:1   | Killed a death yak
 18522 | Lair:2   | Reached skill level 17 in Air Magic
 18920 | Lair:2   | Found a frozen archway.
 18934 | IceCv    | Entered an ice cave
 19171 | IceCv    | Reached skill level 18 in Air Magic
 19628 | IceCv    | Reached XP level 13. HP: 74/74 MP: 12/23
 21302 | IceCv    | Reached skill level 19 in Air Magic
 21744 | IceCv    | Reached skill level 10 in Shields
 23608 | Lair:2   | Found a staircase to the Swamp.
 24088 | Lair:3   | Reached skill level 20 in Air Magic
 25068 | Lair:3   | Found a hole to the Spider Nest.
 25694 | Lair:4   | Reached XP level 14. HP: 80/80 MP: 17/26
 26057 | Lair:4   | Noticed Josephine
 26061 | Lair:4   | Killed Josephine
 28397 | Lair:5   | Entered Level 5 of the Lair of Beasts
 28478 | Lair:5   | Found a hide-covered altar of Uskayaw.
 28480 | Lair:5   | Found an ornate altar of the Wu Jian Council.
 28490 | Lair:5   | Identified a scroll of acquirement
 28490 | Lair:5   | Acquired Sif Muna's Notes on Coruscating Breath
 28791 | Lair:5   | Reached skill level 21 in Air Magic
 29018 | Lair:5   | Reached skill level 5 in Armour
 29871 | Lair:5   | Reached skill level 5 in Axes
 30452 | Lair:5   | Reached skill level 5 in Dodging
 31684 | Lair:5   | Reached XP level 15. HP: 61/84 MP: 7/28
 32488 | Lair:5   | Reached skill level 22 in Air Magic
 34577 | Lair:5   | Identified the +3 dagger of Atanutru {freeze, rC+ Str-2
                  | Dex+4}
 35117 | Lair:5   | Found a viscous altar of Jiyva.
 35213 | Lair:5   | Found a staircase to the Slime Pits.
 35503 | Lair:5   | Bought a shimmering cloak for 389 gold pieces
 35503 | Lair:5   | Identified the +0 cloak "Road" {Dex+6} (You bought it in a
                  | shop on level 5 of the Lair of Beasts)
 35518 | Lair:5   | Bought a twisted leather armour for 287 gold pieces
 35518 | Lair:5   | Identified the +2 leather armour of the Vanishing Friars
                  | {rPois Regen+} (You bought it in a shop on level 5 of the
                  | Lair of Beasts)
 35532 | Lair:5   | Bought a runed cloak for 307 gold pieces
 36349 | D:11     | Reached skill level 1 in Short Blades
 36873 | D:11     | Reached skill level 23 in Air Magic
 36939 | D:11     | Found a runed translucent gate.
 36939 | D:11     | Found a runed translucent gate.
 36939 | D:11     | Found a runed translucent gate.
 36944 | D:11     | Noticed DeathSocks's ghost (journeyman VSGl)
 36944 | D:11     | Noticed wally255's ghost (novice TrFi)
 37142 | D:11     | You are sucked into a shaft and drop 1 floor!
 37160 | D:12     | Noticed Erolcha
 37163 | D:12     | Killed Erolcha
 38007 | D:12     | Found a staircase to the Orcish Mines.
 38172 | D:12     | Reached skill level 10 in Spellcasting
 39597 | D:13     | Learned a level 5 spell: Iskenderun's Battlesphere
 40612 | D:13     | Learned a level 4 spell: Iskenderun's Mystic Blast
 40730 | D:14     | Found an ornate altar of the Wu Jian Council.
 41521 | Orc:1    | Entered Level 1 of the Orcish Mines
 41607 | Orc:1    | Noticed Gastronok
 41651 | Orc:1    | Killed Gastronok
 41652 | Orc:1    | Reached skill level 1 in Translocations
 42221 | Orc:1    | Reached XP level 16. HP: 89/89 MP: 10/31
 43188 | Orc:1    | Noticed Harold
 43201 | Orc:1    | Killed Harold
 43428 | Orc:2    | Entered Level 2 of the Orcish Mines
 43448 | Orc:2    | Reached skill level 24 in Air Magic
 44181 | Orc:1    | Paralysed by an orc sorcerer for 2 turns
 44896 | Orc:2    | Found Jukihoig's CLEARANCE SALE!.
 45047 | Orc:2    | Found a staircase to the Elven Halls.
 45121 | Orc:2    | Found Kaenyi's Antique Weapon Shoppe.
 45121 | Orc:2    | Found Qolikauwez's Magic Scroll Shoppe.
 45122 | Orc:2    | Found Vetawus's Armour Emporium.
 45126 | Orc:2    | Found Foko's Book Emporium.
 45132 | Orc:2    | Bought a book of Storms for 364 gold pieces
 45137 | Orc:2    | Learned a level 4 spell: Summon Lightning Spire
 45188 | Orc:2    | Found a large runed translucent door.
 45188 | Orc:2    | Found a large runed translucent door.
 45189 | Orc:2    | Noticed octoduck's ghost (journeyman GnNe)
 45258 | Orc:2    | Found Dobrargh's Distillery.
 45266 | Orc:2    | Bought a potion of heal wounds for 85 gold pieces
 45266 | Orc:2    | Bought a potion of brilliance for 68 gold pieces
 45266 | Orc:2    | Bought a potion of magic for 136 gold pieces
 45266 | Orc:2    | Bought a potion of magic for 136 gold pieces
 47669 | D:14     | Found a portal to a secret trove of treasure.
 47961 | D:14     | Found a gate to the Vaults.
 48176 | D:15     | Entered Level 15 of the Dungeon
 48178 | D:15     | Paralysed by an air elemental for 1 turns
 48181 | D:14     | Paralysed by an air elemental for 1 turns
 48281 | D:15     | Paralysed by an air elemental for 1 turns
 48546 | D:15     | Paralysed by an air elemental for 1 turns
 49614 | D:15     | Paralysed by an air elemental for 1 turns
 49711 | D:15     | Identified the +0 scale mail of the Moon {rC- Int+4 Dex+10}
 49936 | D:15     | Found a staircase to the Depths.
 50392 | D:15     | Paralysed by an air elemental for 1 turns
 51253 | D:15     | Reached XP level 17. HP: 86/97 MP: 5/33
 51283 | D:15     | Reached skill level 25 in Air Magic
 51535 | D:15     | Reached skill level 15 in Shields
 51941 | Lair:2   | Upgraded the game from 0.31-a0-1570-g93c622d222 to
                  | 0.31-a0-1576-ga3383bade6
 51943 | Swamp:1  | Entered Level 1 of the Swamp
 52571 | Swamp:1  | Noticed Jorgrun
 52580 | Swamp:1  | Killed Jorgrun
 53925 | Swamp:2  | You are sucked into a shaft and drop 1 floor!
 56071 | Swamp:4  | Entered Level 4 of the Swamp
 56566 | Swamp:3  | Reached skill level 26 in Air Magic
 57117 | Swamp:4  | Noticed the 27-headed Lernaean hydra
 57242 | Swamp:4  | Reached XP level 18. HP: 106/106 MP: 16/34
 57288 | Swamp:4  | Killed the 27-headed Lernaean hydra
 57904 | Swamp:4  | Got a decaying rune of Zot
 58892 | Orc:2    | Bought the +6 flail of Winter {venom, rElec} for 241 gold
                  | pieces
 58918 | Orc:2    | Bought a book of Chaos for 700 gold pieces
 58925 | Orc:2    | Learned a level 6 spell: Conjure Ball Lightning
 58943 | Orc:2    | Bought a potion of curing for 51 gold pieces
 58943 | Orc:2    | Bought 2 potions of curing for 102 gold pieces
 58943 | Orc:2    | Bought a potion of curing for 51 gold pieces
 58943 | Orc:2    | Bought a potion of resistance for 170 gold pieces
 58967 | Orc:2    | Killed octoduck's ghost
 59308 | Spider:1 | Entered Level 1 of the Spider Nest
 59629 | Spider:1 | Reached skill level 1 in Maces & Flails
 59692 | Spider:1 | Reached skill level 10 in Fighting
 60886 | Spider:1 | Identified the +0 chain mail "Jezoep" {^Drain rPois Str+6}
 63363 | Spider:2 | Reached skill level 27 in Air Magic
 65444 | Spider:3 | Noticed Louise
 65457 | Spider:3 | Killed Louise
 65958 | Spider:3 | Noticed Mara
 65963 | Spider:3 | Noticed Lobster4's illusion
 65965 | Spider:3 | Killed Mara
 66395 | Spider:4 | Entered Level 4 of the Spider Nest
 66861 | Spider:4 | Reached XP level 19. HP: 113/113 MP: 5/35
 67672 | Spider:4 | Identified the serpent talisman "Nozin" {Int-5 Dex+3
                  | Stlth+}
 67672 | Spider:4 | Noticed Aizul
 67679 | Spider:4 | Killed Aizul
 69859 | Spider:4 | Got a gossamer rune of Zot
 70762 | Elf:1    | Entered Level 1 of the Elven Halls
 71012 | Elf:1    | Reached skill level 5 in Maces & Flails
 71310 | Elf:1    | Noticed Norris
 71322 | Elf:1    | Killed Norris
 71469 | Elf:1    | Bought a pitted hat for 396 gold pieces
 71469 | Elf:1    | Identified the +0 hat of the Gate {Str+2 Dex+3} (You bought
                  | it in a shop on level 1 of the Elven Halls)
 71472 | Elf:1    | Bought a potion of enlightenment for 220 gold pieces
 71472 | Elf:1    | Bought a potion of cancellation for 352 gold pieces
 73691 | Elf:2    | Identified the +1 trident of Qavveuf {protect, rN+ Int-4
                  | Dex+3}
 74821 | Elf:2    | Found a runed translucent gate.
 74821 | Elf:2    | Found a runed translucent gate.
 74821 | Elf:2    | Found a runed translucent gate.
 74903 | Elf:3    | Entered Level 3 of the Elven Halls
 75044 | Elf:3    | Reached skill level 15 in Conjurations
 75428 | Elf:3    | Paralysed by an air elemental for 1 turns
 75681 | Elf:3    | Found Piwafowneh's Jewellery Shoppe.
 75777 | Elf:3    | Reached XP level 20. HP: 102/120 MP: 13/37
 76560 | Elf:3    | Reached skill level 1 in Summonings
 76616 | Elf:3    | Reached skill level 10 in Armour
 76616 | Elf:3    | Reached skill level 10 in Dodging
 77113 | Elf:3    | Identified the amulet of Verchue {Faith rPois rN++}
 77494 | Elf:3    | Identified the ring of Gelev {rCorr Str+2}
 77505 | Elf:3    | Identified the +0 tower shield of the Baker {Harm rPois
                  | Str-4 Stlth+}
 77755 | Elf:3    | Paralysed by an air elemental for 1 turns
 78135 | Elf:3    | Identified the +9 trident of Biffeicw {heavy, *Slow Str+8
                  | Int-5 Stlth+}
 78135 | Elf:3    | Identified the ring of Tiwus {rF- rC+ Str+2 Int+5 SInv}
 78137 | Elf:3    | Identified the +5 great mace "Juecsuge" {antimagic, rPois}
 78137 | Elf:3    | Identified the amulet of Tiwkaech {Spirit rElec MP+9}
 78148 | Elf:3    | Reached skill level 1 in Staves
 78356 | Elf:3    | Paralysed by an air elemental for 1 turns
 78471 | Elf:3    | Identified the ring of Coakk {rF+ rCorr}
 78626 | Elf:3    | Identified the +3 dagger of the Lesser Evil {pain, Will-
                  | MP+9 Str-5 Int+8}
 79216 | Elf:3    | Identified the staff of Balance {rF+ Str+3 Int+3 Conj}
 79219 | Elf:3    | Got the Compilation of Location
 79231 | Elf:3    | Got the Volume of Incendiary Hoarfrost
 79257 | Elf:3    | Identified the +5 hand cannon of Virtue {freeze, rC+
                  | Stlth+}
 79868 | Vaults:1 | Entered Level 1 of the Vaults
 79975 | Vaults:1 | Found Ipson's Antique Weapon Emporium.
 80028 | Vaults:1 | Found Sugimif's Book Shoppe.
 80035 | Vaults:1 | Identified the +6 dagger "Leimmo" {flame, rCorr}
 80038 | Vaults:1 | Found Qecveen's General Store.
 80059 | Vaults:1 | Found Ruc Dofesich's General Store.
 80109 | Vaults:1 | Found a flickering gateway to a bazaar.
 80180 | Bazaar   | Entered a bazaar
 80180 | Bazaar   | Found Fammax's Antique Armour Emporium.
 80180 | Bazaar   | Found Liriot's Book Emporium.
 80227 | Bazaar   | Found Huri's Magic Scroll Boutique.
 80243 | Bazaar   | Found Xuaneov's General Store.
 80252 | Bazaar   | Bought a scroll of teleportation for 54 gold pieces
 80252 | Bazaar   | Bought a wand of digging (6) for 453 gold pieces
 80267 | Bazaar   | Found Ukui's Antique Weapon Shoppe.
 80275 | Bazaar   | Bought a scorched rapier for 234 gold pieces
 80275 | Bazaar   | Identified the +3 rapier "Vyocoet" {pain, ^Fragile Will+++
                  | Stlth+} (You bought it in a shop in a bazaar)
 80278 | Bazaar   | Bought a jewelled falchion for 208 gold pieces
 80278 | Bazaar   | Identified the +9 falchion "Fojacva" {freeze, Int-3 Dex+6}
                  | (You bought it in a shop in a bazaar)
 80300 | Bazaar   | Bought Maxwell's Memoranda for 440 gold pieces
 80309 | Bazaar   | Learned a level 8 spell: Maxwell's Capacitive Coupling
 80309 | Bazaar   | Bought a book of Annihilations for 660 gold pieces
 80322 | Bazaar   | Bought a scroll of noise for 12 gold pieces
 80322 | Bazaar   | Bought a scroll of fog for 48 gold pieces
 80322 | Bazaar   | Bought a scroll of fear for 48 gold pieces
 80322 | Bazaar   | Bought a scroll of fear for 48 gold pieces
 80322 | Bazaar   | Bought a scroll of blinking for 90 gold pieces
 80337 | Bazaar   | Bought glowing swamp dragon scales for 583 gold pieces
 80423 | Vaults:1 | Bought a crude dagger for 154 gold pieces
 80423 | Vaults:1 | Identified the +9 dagger of Sunlight {vamp, rElec Int+3
                  | Dex+2} (You bought it in a shop on level 1 of the Vaults)
 80443 | Vaults:1 | Bought a wand of light (4) for 336 gold pieces
 80443 | Vaults:1 | Bought a scroll of summoning for 190 gold pieces
 80725 | Vaults:1 | Bought a scroll of teleportation for 36 gold pieces
 80725 | Vaults:1 | Bought a scroll of blinking for 90 gold pieces
 80938 | Vaults:1 | Identified the +12 arbalest of Arbitration {drain, rElec
                  | rCorr Int-2}
 82183 | Vaults:1 | Identified the +9 spear "Hoynaat" {flame, rPois rN+ rCorr}
 82217 | Vaults:1 | Reached XP level 21. HP: 125/128 MP: 8/39
 82825 | Vaults:1 | Bought a transparent sling for 143 gold pieces
 82825 | Vaults:1 | Identified the +1 sling of Infinity {speed, rC- Int+3
                  | Dex+2} (You bought it in a shop on level 1 of the Vaults)
 82979 | Vaults:2 | Reached skill level 5 in Staves
 86222 | Vaults:2 | Reached skill level 5 in Short Blades
 87501 | Vaults:3 | Learned a level 5 spell: Arcjolt
 88152 | Vaults:3 | Reached skill level 5 in Stealth
 88584 | Vaults:3 | Identified the +0 leather armour of the Haunted Akabeko
                  | {Rampage Regen+}
 88593 | Vaults:3 | Reached XP level 22. HP: 126/135 MP: 10/41
 88918 | Vaults:3 | Found Guole's Armour Emporium.
 89081 | Vaults:3 | Found Tuarouvu's Weapon Boutique.
 89468 | Vaults:3 | Found Ybbiop Jiutu's Distillery.
 89476 | Vaults:3 | Bought a potion of heal wounds for 110 gold pieces
 89476 | Vaults:3 | Bought a potion of curing for 66 gold pieces
 89476 | Vaults:3 | Bought a potion of haste for 220 gold pieces
 89645 | Vaults:3 | Found a staircase to the Crypt.
 90612 | Vaults:4 | Noticed Donald
 90623 | Vaults:4 | Killed Donald
 92075 | Vaults:4 | Reached skill level 15 in Spellcasting
 92451 | Vaults:4 | Found Kyar's Assorted Antiques.
 92455 | Vaults:4 | Bought a scroll labelled XUODAR HUKLU for 41 gold pieces
 92820 | Crypt:1  | Entered Level 1 of the Crypt
 94084 | Crypt:1  | Noticed a royal mummy
 94096 | Crypt:1  | Killed a royal mummy
 94096 | Crypt:1  | HP: 6/136 [something (26)]
 94373 | Crypt:1  | Noticed a royal mummy
 94677 | Depths:1 | Entered Level 1 of the Depths
 95250 | Depths:1 | Identified the ring "Coager" {EV+5 Int+3}
 95281 | Depths:1 | Found a gateway to Hell.
 95357 | Depths:1 | Found a one-way gate leading to the halls of Pandemonium.
 95585 | Depths:1 | You are sucked into a shaft and drop 1 floor!
 95659 | Depths:2 | Found a magical portal.
 95676 | WizLab   | Entered Alistair's Party Mansion
 96534 | WizLab   | Noticed a golden dragon
 97198 | WizLab   | Learned a level 1 spell: Apportation
 97249 | WizLab   | Got Golomm's Compilation of the Anticline and Illusion
 98104 | Depths:2 | Noticed a juggernaut
 98105 | Depths:2 | Reached XP level 23. HP: 111/142 MP: 28/43
 98106 | Depths:2 | Reached skill level 10 in Stealth
 98151 | Depths:2 | Demolished by a juggernaut

Illustrated notes

Levels and vault maps discovered:
D:1:      minmay_arrival_shoal_huts, layout_basic
D:2:      layout_basic, basic_altar, nicolae_ecumenical_snake_handling
D:3:      layout_loops_ring, nemelex_dance_club_becter, wad_floor_pattern_1,
          uniq_grinder
D:4:      layout_basic, serial_shops, shop_fountains
D:5:      layout_cave_pools, serial_park, serial_park_avenue1,
          serial_park_gazebo [serial_park_minivault_5x5_6], serial_park_square2,
          corexii_corridor_pit, guppyfry_early_lair_pool, uniq_menkaure,
          uniq_crazy_yiuf_cottage
D:6:      layout_basic, general_overflow_altar,
          nicolae_yredelemnul_ghost_church, kennysheep_little_box,
          minmay_temple_entry_statues_pillars, serial_corexii_hall,
          chequers_hall_statues_wall_a, chequers_hall_statues_y,
          corexii_hall_statues_l, corexii_hall_statues_t
D:7:      layout_loops_corners, mainiacjoe_overflow_tiny_flanked
D:8:      layout_loops_ring, cheibriados_altar_1, serial_rivers,
          chequers_serial_rivers_room_b, chequers_serial_rivers_large_b,
          chequers_serial_rivers_marsh, chequers_serial_rivers_room_b,
          chequers_serial_rivers_small_b
D:9:      layout_loops_cross, nicolae_uskayaw_en_pointe, kennysheep_mini_moat
D:10:     layout_basic, david_lair_generic
D:11:     layout_cave_pods, gammafunk_ghost_cemetery,
          nicolae_demonic_statue_gallery
D:12:     layout_basic, erik_orc_3, uniq_erolcha
D:13:     layout_roguey
D:14:     layout_loops_corners, david_vaults_5, enter_trove_5,
          nzn_wu_jian_contemplation, minivault_16
D:15:     hangedman_crystal_crosses_colossus [crystal_crosses_arms_four,
          crystal_crosses_arms_two, crystal_crosses_arms_two]
Temple:   nicolae_temple_ecumenical_triangle
Lair:1:   layout_hall_layers, chequers_serial_rivers_small_a, grunt_megastairs_4
Lair:2:   layout_loops_ring, mainiacjoe_swamp_entry_lozenge_pond,
          portal_ice_cave_entry_pillars_1
Lair:3:   layout_regular_city, spider_nest_entry_web_field,
          nicolae_quartered_pool_super
Lair:4:   layout_concentric_octagons, special_room [special_room_bee],
          lemuel_fruit_tree, uniq_josephine
Lair:5:   wormcave, layout_hall_layers, hangedman_lair_caniforms_friends,
          minmay_slime_entry_oklob_enclosed, nzn_masters_of_martial_movement,
          lemuel_fruit_fields, infiniplex_staircase_pool
Swamp:1:  layout_falls_marsh, hangedman_swamp_blocks,
          infiniplex_staircase_pool_2, uniq_jorgrun
Swamp:2:  layout_falls_marsh, nicolae_swamp_little_swirl
Swamp:3:  layout_falls_marsh, nicolae_swamp_bean_lake
Swamp:4:  swamp_alternative, layout_basic_swamp
Spider:1: layout_chambers
Spider:2: layout_chambers, hellmonk_narrow_tunnel
Spider:3: layout_cave_pods, uniq_louise, uniq_mara
Spider:4: spider_rune_water, nicolae_spider_orb_run, uniq_aizul
Orc:1:    lemuel_ogre_cave, layout_caves, uniq_harold, uniq_gastronok
Orc:2:    st_orc_mages, layout_caves, serial_shops, shop,
          ebering_ghost_disaster_area, nicolae_shop_clearance
Elf:1:    nicolae_elf_arrival_fired_up, layout_gridlike,
          kennysheep_underground_church, uniq_norris
Elf:2:    nicolae_elf_blades_splatter_lattice [nicolae_blade_bullseye],
          layout_geoelf_octagon
Elf:3:    minmay_elf_hall_circle, layout_rooms, serial_shops,
          nicolae_shop_gaudy_bauble
Vaults:1: serial_library_hellmonk_angled_corner, vaults_mumra_hex,
          nicolae_vaults_shock_wave, nicolae_vaults_inception_corners,
          v_pattern_2, nicolae_vaults_diamond_2, v_misc_19,
          nicolae_vaults_little_squares_6, layout_vaults_omnicross,
          serial_shops, bzr_entry_gold, shop, shop, shop, nicolae_shop_trees
Vaults:2: ontoclasm_vaults_bender, nicolae_vaults_stairing_the_circle,
          ontoclasm_vaults_tryst, hangedman_vaults_snaps,
          nicolae_vaults_apartment_1, nicolae_vaults_double_plus_1,
          nicolae_vaults_mini_display_case, nicolae_vaults_house_1,
          nicolae_vaults_closet_pinwheel_3, vaults_room_pools,
          nicolae_vaults_house_1, nicolae_vaults_little_ls,
          nicolae_vaults_alarming, nicolae_vaults_whirlpool_walls,
          ontoclasm_vaults_ligature, nicolae_vaults_wine_cellar,
          nicolae_vaults_tetromino_L_2, layout_vaults_omnibox
Vaults:3: vaults_dpeg_emergency_exit, nicolae_vaults_little_squares_3,
          nicolae_vaults_murder_corner, v_misc_13,
          nicolae_vaults_network_square, nicolae_vaults_network_s,
          vaults_room_grunt_arrival_ludios, nicolae_vaults_house_3,
          vaults_room_semicircle, layout_vaults_omnigrid,
          minmay_crypt_entry_simple_box, serial_shops,
          nicolae_shop_tiny_statue_garden, shop, nicolae_shop_tiny_statue_garden
Vaults:4: vaults_mumra_minichess, nicolae_vaults_ring_of_whatevers,
          nicolae_vaults_closet_pinwheel_6, vaults_mumra_chevron,
          hangedman_vaults_corner_blocks, grunt_vaults_twisty,
          nicolae_vaults_surprise_closet, v_misc_25, vaults_room_semicircle,
          hangedman_vaults_slice, nicolae_vaults_oval_intersection,
          nicolae_vaults_storage_closets_1, vaults_dpeg_hooks,
          layout_vaults_ring, serial_shops, nicolae_shop_back_alley_shop,
          uniq_donald
Crypt:1:  minmay_guarded_unrand_sceptre_of_torment, layout_gridlike,
          grunt_crypt_arrival_webbed, uniq_khufu
Depths:1: layout_basic, nicolae_figureground_sparkle, pan_entry, hell_entry,
          evilmike_butchery
Depths:2: grunt_crosshair, layout_honeycomb, ziggurat_fallback,
          hangedman_tar_grid_catacomb, mu_enter_wizlab_5,
          grunt_pan_entry_zigzag, hellmonk_sif_muna_bookshelves,
          minmay_staircase_windowed_large, uniq_saint_roka

Skill      XL: |  1  2  3  4  5  6  7  8  9 10 11 12 13 14 15 16 17 18 19 20 21 22 23 |
---------------+----------------------------------------------------------------------+-----
Conjurations   | 2 3 4 5 6 7 8 10 12 13 15 16 17 18 19 | 19.0
Armour         | 1 2 4 5 6 7 9 10 12 13 | 13.0
Air Magic      | 5 6 7 8 9 11 12 15 18 20 21 23 24 26 27 | 27.0
Spellcasting   | 3 4 5 6 7 8 10 11 12 13 14 15 | 15.5
Fighting       | 1 3 4 5 6 8 9 10 11 12 13 14 | 14.0
Shields        | 1 3 4 5 7 9 11 13 14 15 16 17 | 17.6
Evocations     | 1 3 4 |  4.0
Dodging        | 3 5 6 7 9 10 | 10.0
Axes           | 1 2 3 5 |  5.0
Ice Magic      | 2 |  2.0
Short Blades   | 2 4 6 |  6.0
Translocations | 1 2 |  2.0
Maces & Flails | 3 5 |  5.0
Summonings     | 2 |  2.0
Staves         | 4 5 6 |  6.1
Stealth        | 5 9 10 | 10.0

Action                     |  1- 3 |  4- 6 |  7- 9 | 10-12 | 13-15 | 16-18 | 19-21 | 22-24 || total
---------------------------+-------+-------+-------+-------+-------+-------+-------+-------++-------
  Melee: Dagger            |     7 |       |       |       |    40 |    31 |       |       ||    78
         Peck              |     1 |       |     2 |    26 |    52 |    14 |    43 |     9 ||   147
         Hand axe          |       |       |     5 |    18 |       |     9 |       |       ||    32
         Kick              |       |       |     2 |    35 |    78 |    22 |    60 |     7 ||   204
         War axe           |       |       |       |    68 |   163 |       |       |       ||   231
         Flail             |       |       |       |       |       |    12 |    34 |       ||    46
         Staff             |       |       |       |       |       |       |    61 |    23 ||    84
         Rapier            |       |       |       |       |       |       |    20 |     4 ||    24
  Throw: Throwing net      |       |     1 |     1 |       |       |       |       |       ||     2
         Dart              |       |       |     3 |    17 |    45 |     7 |       |       ||    72
         Boomerang         |       |       |       |       |     5 |       |       |       ||     5
   Cast: Shock             |    67 |   129 |   137 |   260 |   288 |   459 |   214 |    71 ||  1625
         Swiftness         |       |       |     3 |     2 |     1 |     2 |     3 |       ||    11
         Mercury Vapours   |       |       |     1 |     5 |    53 |     5 |    13 |       ||    77
         Airstrike         |       |       |    51 |   157 |   581 |   511 |   476 |   222 ||  1998
         Static Discharge  |       |       |     9 |    29 |    98 |    36 |    10 |       ||   182
         Freezing Cloud    |       |       |       |       |    13 |    19 |    73 |    24 ||   129
         Iskenderun's Batt |       |       |       |       |     4 |    95 |   107 |    40 ||   246
         Summon Lightning  |       |       |       |       |       |    93 |    40 |    28 ||   161
         Iskenderun's Myst |       |       |       |       |       |    29 |    54 |    13 ||    96
         Conjure Ball Ligh |       |       |       |       |       |    13 |    21 |    25 ||    59
         Maxwell's Capacit |       |       |       |       |       |       |     4 |     1 ||     5
         Apportation       |       |       |       |       |       |       |       |    23 ||    23
         Arcjolt           |       |       |       |       |       |       |       |    14 ||    14
 Invoke: Call Merchant     |       |       |       |       |     1 |       |     1 |       ||     2
  Evoke: Wand              |       |       |       |     4 |    17 |    26 |    16 |     3 ||    66
         Lightning rod     |       |       |       |       |     5 |     5 |     9 |     2 ||    21
         Phial of floods   |       |       |       |       |       |       |       |     1 ||     1
    Use: Scroll            |       |       |     8 |    17 |    13 |     4 |    17 |     4 ||    63
         Potion            |       |       |     2 |     5 |     3 |     6 |     6 |     7 ||    29
   Stab: Paralysed         |       |       |       |       |     7 |       |       |       ||     7
         Distracted        |       |       |       |       |     1 |     2 |       |       ||     3
 Armour: Robe              |     8 |    12 |       |       |       |       |       |       ||    20
         Leather armour    |       |     1 |    32 |   150 |   348 |   331 |   162 |       ||  1024
         Swamp dragon scal |       |       |       |       |       |       |   193 |   123 ||   316
  Dodge: Dodged            |    23 |    25 |    41 |   181 |   307 |   237 |   310 |    59 ||  1183
  Block: Buckler           |       |       |       |    32 |       |       |   141 |    46 ||   219
         Kite shield       |       |       |       |   110 |   434 |   404 |   153 |       ||  1101
         Reflection        |       |       |       |       |       |       |    25 |    13 ||    38

Table legend: (Time is in decaauts)
 A = Elapsed time spent in this place.
 B = Non-inter-level travel time spent in this place.
 C = Inter-level travel time spent in this place.
 D = Time resting spent in this place.
 E = Time spent auto-exploring this place.
 F = Levels seen in this place.
 G = Mean time per level.
                   A        B        C        D        E       F      G
               +--------+--------+--------+--------+--------+-----+--------+
         Total |  98299 |  92903 |   5396 |  38202 |  38560 |  44 | 2234.1 |
       Dungeon |  27834 |  25638 |   2196 |   8388 |  13313 |  15 | 1855.6 |
        Temple |     10 |      6 |      4 |      0 |      0 |   1 |   10.0 |
          Lair |  16727 |  15981 |    746 |   6017 |   6856 |   5 | 3345.4 |
         Swamp |   6696 |   6278 |    418 |   3116 |   2275 |   4 | 1674.0 |
   Spider Nest |  11282 |  10939 |    343 |   4002 |   5435 |   4 | 2820.5 |
  Orcish Mines |   5183 |   4497 |    686 |   2014 |   1798 |   2 | 2591.5 |
   Elven Halls |   8944 |   8626 |    318 |   4877 |   2257 |   3 | 2981.3 |
        Vaults |  12987 |  12334 |    653 |   5681 |   4464 |   4 | 3246.8 |
         Crypt |   1549 |   1537 |     12 |    848 |    393 |   1 | 1549.0 |
        Depths |   1758 |   1741 |     17 |    536 |    840 |   2 |  879.0 |
        Bazaar |    168 |    168 |      0 |      0 |    102 |   1 |  168.0 |
      Ice Cave |   3440 |   3440 |      0 |   1874 |    506 |   1 | 3440.0 |
        Wizlab |   1714 |   1714 |      0 |    849 |    321 |   1 | 1714.0 |
               +--------+--------+--------+--------+--------+-----+--------+

Top non-repeatable levels by time:
  Lair:5: 6666 daAuts
   Elf:3: 3946 daAuts
Vaults:3: 3757 daAuts
Spider:4: 3717 daAuts
Vaults:2: 3593 daAuts
   Orc:1: 3514 daAuts
Vaults:1: 3485 daAuts
   IceCv: 3440 daAuts
    D:14: 3299 daAuts
    D:10: 2985 daAuts
  Lair:4: 2969 daAuts
Spider:2: 2798 daAuts
    D:15: 2779 daAuts
  Lair:1: 2749 daAuts
Spider:1: 2560 daAuts
